 Dungeon Crawl Stone Soup version 0.27-a0-1136-g0b992a5a9d (webtiles) character file.

Game seed: 14349161119905687439

264 AtomicRavioli the Grave Robber (level 6, -1/39 (49) HPs)
             Began as a Naga Necromancer on May 5, 2021.
             Slain by a crimson imp (4 damage)
             ... summoned by Eustachio
             ... on level 3 of the Dungeon.
             The game lasted 00:08:21 (3665 turns).

AtomicRavioli the Grave Robber (Naga Necromancer)   Turns: 3665, Time: 00:08:22

HP:   -1/39 (49)    AC:  3    Str: 10    XL:     6   Next: 19%
MP:   10/20         EV: 10    Int: 16    God:
Gold: 89            SH:  0    Dex: 13    Spells: 4/12 levels left

rFire    . . .     SeeInvis +   c - +1 dagger
rCold    + . .     Faith    .   (no shield)
rNeg     . . .     Spirit   .   a - +0 robe
rPois    +         Reflect  .   (no helmet)
rElec    .         Harm     .   (no cloak)
rCorr    .         Rampage  .   (no gloves)
Will     .....                  (no barding)
Stlth    ++........             (no amulet)
HPRegen  0.13/turn              b - ring of protection from cold
MPRegen  0.17/turn              f - ring of magical power

@: attractive, flying, heavily drained, very slow
A: AC +2, large, see invisible, deformed body, poison resistance, slowness 2,
spit poison 1, naga tail 1
a: Spit Poison


You were on level 3 of the Dungeon.
You visited 1 branch of the dungeon, and saw 4 of its levels.

You collected 111 gold pieces.
You spent 22 gold pieces at shops.

Inventory:

Hand Weapons
 c - a +1 dagger (weapon)
Missiles
 j - 6 atropa-tipped darts (quivered)
Armour
 a - a +0 robe (worn)
Jewellery
 b - a ring of protection from cold (left hand)
 f - a ring of magical power (right hand)
Scrolls
 e - a scroll of magic mapping
Potions
 g - a potion of attraction
 i - 2 potions of curing
 k - a potion of flight


   Skills:
 + Level 0.1 Fighting
 + Level 0.2 Short Blades
 + Level 1.7 Dodging
 + Level 3.6 Stealth
 + Level 3.5 Spellcasting
 + Level 6.2 Necromancy


You had 4 spell levels left.
You knew the following spells:

 Your Spells              Type           Power      Damage    Failure   Level
a - Pain                  Necr           88%        1d8       1%          1
b - Vampiric Draining     Necr           11%        2d7       4%          3
c - Animate Dead          Necr           11%        N/A       14%         4

Your spell library contained the following spells:

 Spells                   Type           Power      Damage    Failure   Level
 Animate Skeleton         Necr           44%        N/A       1%          1
 Magic Dart               Conj           8%         1d3       19%         1
 Searing Ray              Conj           4%         3d3       26%         2
 Dazzling Flash           Conj/Hex       4%         N/A       47%         3
 Fulminant Prism          Conj/Hex       1%         3d6       87%         4
 Iskenderun's Mystic Bla  Conj/Tloc      2%         2d3       87%         4
 Agony                    Necr           22%        N/A       36%         5


Dungeon Overview and Level Annotations

Branches:
Dungeon (4/15)
 Temple: D:4-7

Altars:
Ashenzari
Xom

Shops:
D:1 ?   D:2 [

Annotations:
D:3 Eustachio


Innate Abilities, Weirdness & Mutations

Your serpentine skin is tough. (AC +2)
You have supernaturally acute eyesight. (SInv)
Armour fits poorly on your strangely shaped body.
Your system is resistant to poisons. (rPois)
You cover ground very slowly.
You can spit poison.
You have a snake-like lower body.


Message History

The rat is pulled toward you!
Casting: Vampiric Draining (dangerous; 4% risk of failure)
Confirm with . or Enter, or press ? or * to list all spells.
Aiming: Vampiric Draining (dangerous; 4% risk of failure)
Press: ? - help, Shift-Dir - straight line, f/p - Eustachio
Aim: Eustachio, wielding a +2 falchion of draining and wearing a +3 leather armour of positive energy (heavily wounded)
You draw life force from Eustachio.
You feel life coursing into your body. The bat hits you but does no damage.
The crimson imp hits you.
* * * LOW HITPOINT WARNING * * *
Eustachio barely misses you. The rat bites you but does no damage.
The rat bites you.
* * * LOW HITPOINT WARNING * * *
The bat is pulled toward you! The shadow imp is pulled toward you!
Casting: Vampiric Draining (dangerous; 4% risk of failure)
Confirm with . or Enter, or press ? or * to list all spells.
Aiming: Vampiric Draining (dangerous; 4% risk of failure)
Press: ? - help, Shift-Dir - straight line, f/p - Eustachio
Aim: Eustachio, wielding a +2 falchion of draining and wearing a +3 leather armour of positive energy (severely wounded)
You draw life force from Eustachio.
You feel life coursing into your body. The bat hits you but does no damage.
The bat closely misses you. The crimson imp hits you.
* * * LOW HITPOINT WARNING * * *
Eustachio gestures wildly while chanting.
Eustachio blinks!
The rat closely misses you. x2
Casting: Vampiric Draining (dangerous; 4% risk of failure)
Confirm with . or Enter, or press ? or * to list all spells.
You can't see any susceptible monsters within range! (Use Z to cast anyway.)
Casting: Vampiric Draining (dangerous; 4% risk of failure)
Confirm with . or Enter, or press ? or * to list all spells.
Okay, then.
Okay, then.
Throw: 7 darts (atropa)
Press: ? - help, Q - select action, (/) - cycle Shift-Dir - straight line, f/p - Eustachio
Aim: Eustachio, wielding a +2 falchion of draining and wearing a +3 leather armour of positive energy (severely wounded, 43% to hit, chance to blind on hit: 67%)
You throw an atropa-tipped dart.
The atropa-tipped dart barely misses the rat.
The atropa-tipped dart closely misses Eustachio.
The bat closely misses you. The bat hits you but does no damage. x2
The crimson imp hits you.
You die...

###### ## #....# #.
#....# #.
#....################.
#..[......[...........
#..†..5.#....)..###...
####>.......)...###...
###5##...####........
#..b@..### ##.####..
#..rr.b# ####..###..
#...@..# #.........#
######## #.........#
#.........#
#.........#
#..........
#..........
#.........(


You could see Eustachio, a crimson imp (summoned), 2 bats and 2 rats.

Vanquished Creatures
  2 orc priests (D:3)
  A jelly (D:4)
  Natasha (thrice) (D:3)
  3 adders (D:3)
  A worm (D:2)
  A dart slug (D:4)
  4 orcs (D:3)
  11 ball pythons
  3 endoplasms
  4 giant cockroaches
  6 goblins
  6 hobgoblins
  4 jackals (D:2)
  4 kobolds
  2 quokkas (D:2)
  2 bats
  6 frilled lizards
  3 rats
66 creatures vanquished.

Notes
Turn   | Place    | Note
-------+----------+-------------------------------------------
     0 | D:1      | AtomicRavioli the Naga Necromancer began the quest for the
                  | Orb.
     0 | D:1      | Reached XP level 1. HP: 15/15 MP: 3/3
   304 | D:1      | Reached XP level 2. HP: 21/22 MP: 3/5
   738 | D:1      | Found a faded altar of an unknown god.
  1038 | D:1      | Found Juoram's Magic Scroll Emporium.
  1044 | D:1      | Bought a scroll of identify for 22 gold pieces
  1070 | D:1      | Reached XP level 3. HP: 15/28 MP: 6/6
  1269 | D:1      | Learned a level 3 spell: Vampiric Draining
  2275 | D:2      | Found Cagauj's Armour Emporium.
  2830 | D:3      | Noticed Natasha
  2838 | D:3      | Reached XP level 4. HP: 34/36 MP: 8/8
  2839 | D:3      | Killed Natasha
  2840 | D:3      | Reached skill level 5 in Necromancy
  3030 | D:3      | Noticed Natasha
  3035 | D:3      | Killed Natasha
  3036 | D:3      | Reached XP level 5. HP: 42/42 MP: 4/9
  3075 | D:3      | Noticed Natasha
  3082 | D:3      | Killed Natasha
  3211 | D:3      | Reached skill level 6 in Necromancy
  3218 | D:3      | Learned a level 4 spell: Animate Dead
  3550 | D:3      | Found a broken altar of Ashenzari.
  3550 | D:3      | Found a shimmering altar of Xom.
  3586 | D:4      | Noticed Eustachio
  3588 | D:4      | Reached XP level 6. HP: 49/49 MP: 11/11
  3665 | D:3      | Slain by a crimson imp

Illustrated notes

Levels and vault maps discovered:
D:1:      co_arrival_random_square_maze, layout_loops_cross, serial_shops, shop,
          chequers_ecumenical_altar_simple_redux, minmay_pentomino_z4
D:2:      layout_basic, serial_shops, shop
D:3:      layout_basic, gammafunk_temple_overflow_pools, uniq_natasha
D:4:      layout_rooms, general_overflow_altar, uniq_eustachio

Skill      XL: |  1  2  3  4  5 |
---------------+----------------+-----
Spellcasting   | 3 |  3.5
Necromancy     | 5 6 |  6.2
Fighting       | |  0.1
Short Blades   | |  0.2
Dodging        | |  1.7
Stealth        | |  3.6

Action                   |  1- 3 |  4- 6 || total
-------------------------+-------+-------++-------
Melee: Unarmed           |     5 |       ||     5
       Dagger            |    21 |    11 ||    32
Throw: Dart              |       |     2 ||     2
 Cast: Pain              |    48 |     9 ||    57
       Vampiric Draining |     5 |    25 ||    30
 Abil: Spit Poison       |    17 |    10 ||    27
  Use: Scroll            |     5 |     1 ||     6
       Potion            |       |     5 ||     5
 Stab: Sleeping          |     1 |     1 ||     2
       Invisible         |       |     1 ||     1
Armor: Robe              |     5 |    12 ||    17
Dodge: Dodged            |    25 |    25 ||    50

Table legend: (Time is in decaauts)
 A = Elapsed time spent in this place.
 B = Non-inter-level travel time spent in this place.
 C = Inter-level travel time spent in this place.
 D = Time resting spent in this place.
 E = Time spent auto-exploring this place.
 F = Levels seen in this place.
 G = Mean time per level.
                   A        B        C        D        E       F      G
               +--------+--------+--------+--------+--------+-----+--------+
         Total |   4417 |   4309 |    108 |    633 |   3024 |   4 | 1104.2 |
       Dungeon |   4417 |   4309 |    108 |    633 |   3024 |   4 | 1104.2 |
               +--------+--------+--------+--------+--------+-----+--------+

Top non-repeatable levels by time:
     D:1: 1754 daAuts
     D:2: 1595 daAuts
     D:3: 1041 daAuts
     D:4: 26 daAuts
